 Dungeon Sprint DCSS version 0.16-a0-3841-g2612308 (console) character file.

5245 Monkaria the Fencer (level 10, -4/102 HPs)
             Began as a Hill Orc Fighter on Jan 30, 2015.
             Was a Believer of Ru.
             Slain by an orc warrior
             ... wielding a +0 mace
              (10 damage)
             ... in the Dungeon (Sprint IX: "|||||||||||||||||||||||||||||").
             The game lasted 00:08:44 (1658 turns).

Monkaria the Fencer (Hill Orc Fighter)              Turns: 1658, Time: 00:08:44

Health: -4/102     AC: 12    Str: 23    XL:     10   Next: 62%
Magic:  10/10      EV:  8    Int:  6    God:    Ru [**....]
Gold:   169        SH: 10    Dex: 16    Spells: 0 memorised, 9 levels left

rFire  . . .     SeeInvis .     p - +2 scimitar (flame)
rCold  . . .     Clarity  .     s - +2 ring mail
rNeg   . . .     SustAb   .     c - +0 shield
rPois  .         Gourm    .     (no helmet)
rElec  .         Spirit   .     q - +0 cloak
rCorr  .         Warding  .     b - +0 pair of gloves
rMut   .         NoTele   +     (no boots)
MR     .....                    (no amulet)
Stlth  +.........               r - +3 ring of dexterity
                                t - +3 ring of dexterity

@: not resistant to hostile enchantments, very unstealthy
A: dopey 1, hated by all, unskilled 1
a: Renounce Religion


You were in the Dungeon.
You worshipped Ru.
Ru was pleased with you.
You were hungry.

You visited 1 branch You collected 169 gold pieces.

Inventory:

Hand weapons
 p - a +2 scimitar of flaming (weapon)
Armour
 b - a +0 pair of gloves (worn)
 c - a +0 shield (worn)
 q - a +0 cloak (worn)
 s - a +2 ring mail (worn)
Jewellery
 r - a +3 ring of dexterity (right hand)
 t - a +3 ring of dexterity (left hand)
Magical devices
 l - a wand of confusion (1)
 o - a wand of cold (3)
Scrolls
 k - 2 scrolls of blinking
 m - 5 scrolls of remove curse
 n - 3 scrolls of amnesia
 u - 6 scrolls of enchant weapon
 v - a scroll of magic mapping
Potions
 a - a potion of cure mutation
 e - 2 potions of might
 f - 8 potions of curing
 g - 7 potions of heal wounds
 h - a potion of haste
 i - 4 potions of magic
 j - a potion of berserk rage
Comestibles
 d - 14 meat rations
 w - 40 fruits
 x - 12 bread rations


   Skills:
 - Level 13.9 Fighting
 - Level 17.1 Long Blades
 + Level 11.6 Armour
 - Level 3.0 Shields


You had 9 spell levels left.
You didn't know any spells.

Dungeon Overview and Level Annotations

Branches:
Dungeon (1/1)

Altars:
Cheibriados
Dithmenos
Elyvilon
Fedhas
Gozag
Kikubaaqudgha
Makhleb
Nemelex Xobeh
Okawaru
Qazlal
Ru
Sif Muna
Trog
Vehumet
Xom
Yredelemnul
Zin
The Shining One
Beogh
Jiyva
Lugonu


Innate Abilities, Weirdness & Mutations

You are dopey. (Int -2)
You are hated by all.
You are somewhat unskilled (-1 Apt).


Message History

You kill the orc knight!
Your Armour skill increases to level 11!
You slash the orc warrior! You burn the orc warrior.
You kill the orc warrior!
The orc warrior throws a tomahawk.
The tomahawk barely misses you.
The orc warrior throws a tomahawk.
The tomahawk hits you!
* * * LOW HITPOINT WARNING * * *
Items here: $ (( )))))) [[[[[ ††† An orc warrior comes into view.
It is wielding a battleaxe.
The orc warrior shouts!
The orc warrior hits you with a mace!!
* * * LOW HITPOINT WARNING * * *
You see here 50 gold pieces.
You closely miss the orc warrior.
The orc warrior hits you but does no damage.
You barely miss the orc warrior. You hit the orc warrior.
You burn the orc warrior.
The orc warrior is lightly wounded.
The orc warrior hits you with a mace!
You die...

▓.▓.▓†▓.▓_▓
▓(▓.▓÷▓.▓_▓
▓.▓.▓.▓.▓_▓
▓.▓.▓.▓.▓_▓
▓.▓.▓.▓.▓_▓
▓.▓.▓.▓.▓_▓
▓'▓.▓.▓.▓_▓
▓(▓.▓.▓.▓_▓
▓@▓.▓.▓.▓_▓
▓o▓.▓.▓.▓_▓
▓o▓.▓÷▓.▓_▓
▓o▓.▓.▓.▓_▓
▓o▓.▓.▓.▓_▓
▓o▓.▓.▓.▓_▓
▓o▓.▓.▓.▓_▓
▓.▓.▓.▓.▓_▓
▓.▓.▓.▓.▓_▓


You could see 5 orc warriors and an orc wizard (frenzied).

Vanquished Creatures
  A hydra (D)
  An unseen horror (D)
  2 orc knights (D)
  Maurice (D)
  A komodo dragon (D)
  A hippogriff (D)
  4 wolves (D)
  3 wargs (D)
  A hungry ghost (D)
  3 orc warriors (D)
  3 water moccasins (D)
  A hell hound (D)
  A necrophage (D)
  2 ogres (D)
  2 crocodiles (D)
  A centaur (D)
  3 giant frogs (D)
  3 hounds (D)
  A quasit (D)
  An orc priest (D)
  2 iguanas (D)
  4 orc wizards (D)
  3 adders (D)
  A river rat (D)
  A giant gecko (D)
  10 orcs (D)
  2 bats (D)
  A bat skeleton (D)
  A goblin (D)
  A hobgoblin (D)
  A kobold (D)
  A quokka (D)
  A giant newt (D)
  A giant spore (D)
  A quokka skeleton (D)
  A rat (D)
68 creatures vanquished.

Notes
Turn   | Place    | Note
--------------------------------------------------------------
     0 | D        | Monkaria, the Hill Orc Fighter, began the quest for the Orb.
     0 | D        | Reached XP level 1. HP: 19/19 MP: 1/1
    13 | D        | Reached skill level 4 in Fighting
    35 | D        | Reached XP level 2. HP: 17/28 MP: 2/2
    84 | D        | Found a glowing silver altar of Zin.
    84 | D        | Found a glowing golden altar of the Shining One.
    84 | D        | Found an ancient bone altar of Kikubaaqudgha.
    84 | D        | Found a basalt altar of Yredelemnul.
    84 | D        | Found a shimmering altar of Xom.
    84 | D        | Found a radiant altar of Vehumet.
    84 | D        | Found an iron altar of Okawaru.
    85 | D        | Found a burning altar of Makhleb.
    86 | D        | Found a deep blue altar of Sif Muna.
    87 | D        | Found a bloodstained altar of Trog.
    88 | D        | Found a sparkling altar of Nemelex Xobeh.
    89 | D        | Found a white marble altar of Elyvilon.
    90 | D        | Found a roughly hewn altar of Beogh.
    91 | D        | Found a viscous altar of Jiyva.
    92 | D        | Found a corrupted altar of Lugonu.
    93 | D        | Found a blossoming altar of Fedhas.
    94 | D        | Found a snail-covered altar of Cheibriados.
    95 | D        | Found a shadowy altar of Dithmenos.
    96 | D        | Found a stormy altar of Qazlal.
    97 | D        | Found an opulent altar of Gozag.
    98 | D        | Found a sacrificial altar of Ru.
   154 | D        | Became a worshipper of Ru the Awakened
   171 | D        | Noticed a hound
   171 | D        | Noticed an ogre
   171 | D        | Noticed a hungry ghost
   173 | D        | Killed a hound
   173 | D        | Reached skill level 6 in Fighting
   173 | D        | Reached XP level 3. HP: 34/37 MP: 3/3
   175 | D        | Killed an ogre
   175 | D        | Reached skill level 7 in Fighting
   175 | D        | Reached skill level 8 in Long Blades
   175 | D        | Reached XP level 4. HP: 40/47 MP: 4/4
   175 | D        | Reached XP level 5. HP: 44/52 MP: 5/5
   183 | D        | Reached skill level 9 in Long Blades
   190 | D        | Killed a hungry ghost
   190 | D        | Reached skill level 11 in Long Blades
   190 | D        | Reached XP level 6. HP: 43/63 MP: 6/6
   193 | D        | Killed an unseen horror
   193 | D        | Reached skill level 14 in Long Blades
   193 | D        | Reached XP level 7. HP: 37/75 MP: 7/7
   364 | D        | Noticed a quasit
   364 | D        | Noticed an ogre
   364 | D        | Noticed a hippogriff
   364 | D        | Noticed a necrophage
   364 | D        | Noticed a centaur
   366 | D        | Killed a quasit
   368 | D        | Killed a hippogriff
   368 | D        | Killed a necrophage
   368 | D        | Reached XP level 8. HP: 60/83 MP: 8/8
   376 | D        | Killed an ogre
   379 | D        | Killed a centaur
   591 | D        | Noticed a hound
   591 | D        | Noticed a hound
   591 | D        | Noticed an iguana
   591 | D        | Noticed a giant frog
   591 | D        | Noticed an iguana
   594 | D        | Killed a hound
   596 | D        | Killed a hound
   596 | D        | Reached skill level 15 in Long Blades
   599 | D        | Noticed a giant frog
   605 | D        | Killed an iguana
   612 | D        | Killed a giant frog
   622 | D        | Killed an iguana
   627 | D        | Killed a giant frog
   715 | D        | Gained mutation: You are hated by all. [Ru sacrifice]
   715 | D        | Acquired Ru's first power
   716 | D        | Noticed a water moccasin
   716 | D        | Noticed a crocodile
   716 | D        | Noticed a crocodile
   716 | D        | Noticed a water moccasin
   716 | D        | Noticed a giant frog
   716 | D        | Noticed a water moccasin
   717 | D        | Killed a water moccasin
   720 | D        | Noticed a komodo dragon
   723 | D        | Killed a crocodile
   724 | D        | Noticed an eight-headed hydra
   725 | D        | Killed a crocodile
   725 | D        | Reached skill level 16 in Long Blades
   728 | D        | Killed a water moccasin
   734 | D        | Killed a giant frog
   734 | D        | Reached XP level 9. HP: 93/93 MP: 9/9
   742 | D        | Killed a water moccasin
   746 | D        | Killed a komodo dragon
   746 | D        | Reached skill level 17 in Long Blades
   752 | D        | Killed a three-headed hydra
   752 | D        | Reached skill level 18 in Long Blades
  1024 | D        | Noticed a wolf
  1024 | D        | Noticed a warg
  1024 | D        | Noticed a warg
  1026 | D        | Killed a wolf
  1027 | D        | Noticed a wolf
  1027 | D        | Noticed a wolf
  1028 | D        | Noticed a hell hound
  1031 | D        | Noticed a warg
  1031 | D        | Killed a warg
  1035 | D        | Noticed a wolf
  1036 | D        | Killed a warg
  1036 | D        | Reached skill level 15 in Fighting
  1045 | D        | Killed a hell hound
  1049 | D        | Killed a warg
  1049 | D        | Reached skill level 5 in Armour
  1056 | D        | Killed a wolf
  1056 | D        | Reached XP level 10. HP: 23/105 MP: 10/10
  1061 | D        | Killed a wolf
  1065 | D        | Killed a wolf
  1333 | D        | Gained mutation: You are somewhat unskilled (-1 Apt). [Ru sacrifice]
  1333 | D        | Reduced skill Long Blades to level 17
  1333 | D        | Acquired Ru's second power
  1496 | D        | Noticed Maurice
  1544 | D        | Killed Maurice
  1559 | D        | Noticed an orc wizard
  1559 | D        | Noticed an orc wizard
  1561 | D        | Noticed an orc wizard
  1564 | D        | Killed an orc wizard
  1565 | D        | Noticed an orc wizard
  1569 | D        | Killed an orc wizard
  1570 | D        | Noticed an orc priest
  1573 | D        | Killed an orc wizard
  1579 | D        | Killed an orc wizard
  1588 | D        | Killed an orc priest
  1626 | D        | Gained mutation: You are dopey. (Int -2) [Ru sacrifice]
  1633 | D        | Noticed an orc warrior
  1633 | D        | Noticed an orc warrior
  1633 | D        | Noticed an orc warrior
  1633 | D        | Noticed an orc knight
  1633 | D        | Noticed an orc knight
  1633 | D        | Noticed an orc warrior
  1634 | D        | Noticed an orc warrior
  1637 | D        | Killed an orc warrior
  1639 | D        | Noticed an orc warrior
  1640 | D        | Killed an orc warrior
  1642 | D        | Noticed an orc warrior
  1646 | D        | Noticed an orc wizard
  1647 | D        | Killed an orc knight
  1647 | D        | Reached skill level 10 in Armour
  1652 | D        | Killed an orc knight
  1653 | D        | Killed an orc warrior
  1655 | D        | Noticed an orc warrior
  1655 | D        | HP: 5/102 [orc warrior/mace (20)]
  1658 | D        | Slain by an orc warrior

Action                   |  1- 3 |  4- 6 |  7- 9 | 10-12 || total
-------------------------+-------+-------+-------+-------++-------
Melee: Long sword        |    30 |       |       |       ||    30
       Scimitar          |     4 |    18 |   115 |    63 ||   200
Invok: Sacrifice Love    |       |       |     1 |       ||     1
       Sacrifice Purity  |       |       |       |     1 ||     1
       Sacrifice Skill   |       |       |       |     1 ||     1
Evoke: Wand              |       |       |     1 |     3 ||     4
  Eat: Chunk             |       |       |     3 |     2 ||     5
